 Dungeon Crawl Stone Soup version 0.29.1-15-g9cfb28693d (webtiles) character file.

Game seed: 11544567638501303521

813390 Gabide the Swordmaster (level 27, -7/273 HPs)
             Began as a Demigod Gladiator on Apr 18, 2023.
             Killed from afar by a Brimstone Fiend (28 damage)
             ... with damnation
             ... summoned by Asmodeus
             ... on level 7 of Gehenna on Apr 19, 2023.
             The game lasted 05:23:33 (92740 turns).

Gabide the Swordmaster (Demigod Gladiator)         Turns: 92740, Time: 05:23:33

Health: -7/273     AC: 14    Str: 15    XL:     27
Magic:  27/27      EV: 76    Int:  8    God:
Gold:   6608       SH:  0    Dex: 60    Spells: 26/26 levels left

rFire   + + +      SeeInvis .   q - +9 great sword (freeze)
rCold   + + .      Faith    .   (shield currently unavailable)
rNeg    . . .      Spirit   .   i - +2 robe {rC+ rF+}
rPois   +          Reflect  .   K - +2 hat "Yjeotuse" {rElec rPois Dex+3}
rElec   +          Harm     .   P - scarf {rC+ rF+}
rCorr   .          Rampage  .   e - +2 pair of gloves
Will    +++..      Clarity  +   J - +0 pair of boots of Lugunapi {Drain Regen+ Slay+3}
Stlth   ++++......              c - amulet of regeneration
HPRegen 2.95/turn               M - ring of protection from fire
MPRegen 0.20/turn               x - +6 ring of dexterity

@: hasted, studying Spellcasting, unable to read, very quick
A: high MP 1, forlorn, divine attributes, clarity, dopey 1, strong-willed 1,
regeneration 1
}: 6/15 runes: barnacled, slimy, silver, golden, abyssal, gossamer
a: no special abilities


You were on level 7 of Gehenna.
You visited 14 branches of the dungeon, and saw 65 of its levels.
You visited the Abyss 1 time.
You also visited: Sewer, Ossuary and Bailey.

You collected 11565 gold pieces.
You spent 4957 gold pieces at shops.

Inventory:

Hand Weapons
 a - the +7 triple sword "Pohen" {drain, MP-9 Int+3 Dex+3}
   (You acquired it on level 5 of the Dungeon)

   A truly terrible weapon, it drains the life of any living foe it strikes.
   Int:       It affects your intelligence (+3).
   Dex:       It affects your dexterity (+3).
   MP:        It affects your magic capacity (-9).
 q - a +9 great sword of freezing (weapon)
 s - the +8 Vampire's Tooth {vamp}
   (You found it on level 1 of the Vaults)

   It occasionally heals its wielder for the full amount of damage dealt when it
   wounds a living foe.
 N - the +8 spear "Verghof" {vorpal, rF+++ rC+ Will+ Str-2}
   (You found it on level 3 of the Lair of Beasts)

   It inflicts extra damage upon your enemies.
   Str:       It affects your strength (-2).
   rF:        It renders you almost immune to fire.
   rC:        It protects you from cold.
   Will:      It increases your willpower.
Missiles
 Z - 3 curare-tipped darts
Armour
 e - a +2 pair of gloves (worn)
 i - a +2 robe of resistance (worn)
 v - a +2 ring mail of positive energy
 I - a +2 cloak of preservation
 J - the +0 pair of boots of Lugunapi (worn) {Drain Regen+ Slay+3}
   (You found it on level 4 of the Shoals)

   Slay:      It affects your accuracy & damage with ranged weapons and melee
   (+3).
   Regen:     It increases your rate of health regeneration.
   Drain:     It drains your maximum health when unequipped.
 K - the +2 hat "Yjeotuse" (worn) {rElec rPois Dex+3}
   (You acquired it on level 2 of the Lair of Beasts)

   Dex:       It affects your dexterity (+3).
   rElec:     It insulates you from electricity.
   rPois:     It protects you from poison.
 P - a scarf of resistance (worn)
 S - quicksilver dragon scales
Jewellery
 c - an amulet of regeneration (around neck)
 g - the ring "Cirehiof" {Wiz rN+ Str-4 Dex+2}
   (You found it on level 3 of the Depths)

   [ring of wizardry]

   It improves your spell success rate.
   Str:       It affects your strength (-4).
   Dex:       It affects your dexterity (+2).
   rN:        It protects you from negative energy.
 t - a +4 ring of protection
 x - a +6 ring of dexterity (right hand)
 A - the amulet of the Four Winds {rN+ Will+++ Clar}
   (You found it on level 3 of the Elven Halls)

   [amulet of nothing]

   rN:        It protects you from negative energy.
   Clar:      It protects you against confusion.
   Will:      It greatly increases your willpower.
 G - the ring "Ytesod" {rF+ rC- Int+7}
   (You found it on level 3 of the Tomb of the Ancients)

   [ring of protection from fire]

   Int:       It affects your intelligence (+7).
   rF:        It protects you from fire.
   rC:        It makes you vulnerable to cold.
 M - a ring of protection from fire (left hand)
 T - a ring of see invisible
 U - the ring of the Queen {rPois Will+ Dex+4}
   (You bought it in a shop on level 2 of the Orcish Mines)

   [ring of willpower]

   Dex:       It affects your dexterity (+4).
   rPois:     It protects you from poison.
   Will:      It increases your willpower.
Wands
 m - a wand of paralysis (18)
 Q - a wand of light (4) (quivered)
 R - a wand of digging (9)
Scrolls
 h - 3 scrolls of brand weapon
 o - a scroll of fog
 u - 5 scrolls of magic mapping
 y - 15 scrolls of teleportation
 z - 3 scrolls of silence
 C - a scroll of blinking
 E - 4 scrolls of fear
 H - 6 scrolls of immolation
 V - a scroll of enchant weapon
 W - 2 scrolls of enchant armour
Potions
 b - 2 potions of might
 j - 10 potions of curing
 k - 3 potions of mutation
 l - a potion of haste
 n - 9 potions of attraction
 p - a potion of cancellation
 r - 6 potions of flight
 w - 9 potions of brilliance
 B - a potion of invisibility
 F - 4 potions of ambrosia
 O - a potion of resistance
Miscellaneous
 d - a phial of floods
 f - a figurine of a ziggurat
 D - a lightning rod (4/4)
 L - a condenser vane
 X - a phantom mirror


   Skills:
 O Level 27 Fighting
 O Level 27 Long Blades
 - Level 1.7 Throwing
 + Level 24.6 Armour
 O Level 27 Dodging


You had 26 spell levels left.
You didn't know any spells.
Your spell library contained the following spells:

 Spells                   Type           Power      Damage    Failure   Level
 Apportation              Tloc           0%         N/A       41%         1
 Beastly Appendage        Tmut           0%         N/A       41%         1
 Foxfire                  Conj/Fire      0%         2x1d4     41%         1
 Freeze                   Ice            0%         1d3       41%         1
 Magic Dart               Conj           0%         1d3       41%         1
 Necrotise                Necr           0%         1d4       41%         1
 Sandblast                Erth           0%         2d4       41%         1
 Shock                    Conj/Air       0%         1d3       41%         1
 Slow                     Hex            0%         N/A       41%         1
 Sting                    Tmut/Pois      0%         1d3       41%         1
 Summon Small Mammal      Summ           0%         N/A       41%         1
 Blink                    Tloc           0%         N/A       54%         2
 Call Imp                 Summ           0%         N/A       54%         2
 Ensorcelled Hibernation  Hex/Ice        0%         N/A       54%         2
 Passwall                 Tmut/Erth      0%         N/A       54%         2
 Poisonous Vapours        Pois/Air       0%         N/A       54%         2
 Scorch                   Fire           0%         2d5       54%         2
 Searing Ray              Conj           0%         2d4       54%         2
 Static Discharge         Conj/Air       0%         3-3/arc   54%         2
 Sublimation of Blood     Necr           0%         N/A       54%         2
 Wereblood                Tmut           0%         N/A       54%         2
 Call Canine Familiar     Summ           0%         N/A       78%         3
 Confusing Touch          Hex            0%         N/A       78%         3
 Conjure Flame            Conj/Fire      0%         6-21      78%         3
 Dazzling Flash           Conj/Hex       0%         N/A       78%         3
 Frozen Ramparts          Ice            0%         1d1       78%         3
 Gell's Gravitas          Tloc           0%         N/A       78%         3
 Ignite Poison            Fire/Tmut/Pois 0%         N/A       78%         3
 Inner Flame              Hex/Fire       0%         N/A       78%         3
 Lesser Beckoning         Tloc           0%         N/A       78%         3
 Mephitic Cloud           Conj/Pois/Air  0%         N/A       78%         3
 Portal Projectile        Hex/Tloc       0%         N/A       78%         3
 Spider Form              Tmut/Pois      0%         N/A       78%         3
 Stone Arrow              Conj/Erth      0%         3d7       78%         3
 Swiftness                Air            0%         N/A       78%         3
 Teleport Other           Tloc           0%         N/A       78%         3
 Vampiric Draining        Necr           0%         2d6       78%         3
 Airstrike                Air            0%         2d(0-16)  99%         4
 Anguish                  Hex/Necr       0%         N/A       99%         4
 Animate Armour           Summ/Erth      0%         N/A       99%         4
 Animate Dead             Necr           0%         N/A       99%         4
 Cause Fear               Hex            0%         N/A       99%         4
 Flame Wave               Conj/Fire      0%         2d4       99%         4
 Fulminant Prism          Conj/Hex       0%         3d6       99%         4
 Hailstorm                Conj/Ice       0%         3d3       99%         4
 Ice Form                 Ice/Tmut       0%         N/A       99%         4
 Iskenderun's Mystic Bla  Conj/Tloc      0%         2d3       99%         4
 Leda's Liquefaction      Hex/Erth       0%         N/A       99%         4
 Olgreb's Toxic Radiance  Pois           0%         N/A       99%         4
 Passage of Golubria      Tloc           0%         N/A       99%         4
 Petrify                  Tmut/Erth      0%         N/A       99%         4
 Summon Ice Beast         Ice/Summ       0%         N/A       99%         4
 Summon Lightning Spire   Summ/Air       0%         N/A       99%         4
 Agony                    Necr           0%         N/A       100%        5
 Alistair's Intoxication  Tmut/Pois      0%         N/A       100%        5
 Blade Hands              Tmut           0%         N/A       100%        5
 Borgnjor's Vile Clutch   Necr/Erth      0%         N/A       100%        5
 Fireball                 Conj/Fire      0%         3d3       100%        5
 Freezing Cloud           Conj/Ice/Air   0%         6-21      100%        5
 Irradiate                Conj/Tmut      0%         3d11      100%        5
 Manifold Assault         Tloc           0%         N/A       100%        5
 Metabolic Englaciation   Hex/Ice        0%         N/A       100%        5
 Silence                  Hex/Air        0%         N/A       100%        5
 Summon Forest            Summ/Tloc      0%         N/A       100%        5
 Summon Mana Viper        Hex/Summ       0%         N/A       100%        5
 Conjure Ball Lightning   Conj/Air       0%         3x3d6     100%        6
 Death Channel            Necr           0%         N/A       100%        6
 Dispersal                Tloc           0%         N/A       100%        6
 Eringya's Noxious Bog    Tmut/Pois      0%         N/A       100%        6
 Iron Shot                Conj/Erth      0%         9d1       100%        6
 Simulacrum               Ice/Necr       0%         N/A       100%        6
 Starburst                Conj/Fire      0%         6d3       100%        6
 Statue Form              Tmut/Erth      0%         N/A       100%        6
 Summon Cactus Giant      Summ           0%         N/A       100%        6
 Haunt                    Necr/Summ      0%         N/A       100%        7
 Monstrous Menagerie      Summ           0%         N/A       100%        7
 Spellforged Servitor     Conj/Summ      0%         N/A       100%        7
 Summon Hydra             Summ           0%         N/A       100%        7
 Disjunction              Tloc           0%         N/A       100%        8
 Ignition                 Fire           0%         3d3       100%        8
 Infestation              Necr           0%         N/A       100%        8
 Lehudib's Crystal Spear  Conj/Erth      0%         10d2      100%        8
 Chain Lightning          Conj/Air       0%         N/A       100%        9
 Polar Vortex             Ice            0%         N/A       100%        9


Dungeon Overview and Level Annotations

Branches:
Dungeon (15/15)            Temple (0/1) D:4            Lair (5/5) D:9
 Shoals (4/4) Lair:2       Spider (4/4) Lair:3        Slime (5/5) Lair:4
    Orc (2/2) D:10            Elf (3/3) Orc:2        Vaults (5/5) D:14
  Crypt (3/3) Vaults:2       Tomb (3/3) Crypt:3      Depths (4/4) D:15
   Hell (visited)             Dis (0/7) Hell            Geh (7/7) Hell
    Coc (0/7) Hell            Tar (0/7) Hell            Zot (5/5) Depths:4
  Sewer (visited)         Ossuary (visited)          Bailey (visited)

Shops:
D:5 (   D:6 (   D:10 [   D:15 :   Orc:2 [=[!   Elf:2 (=:=[   Elf:3 (
Shoals:1 *   Shoals:3 !*   Vaults:1 (   Vaults:2 :   Vaults:4 (   Depths:4 [*

Portals:
Hell: Depths:1 Depths:2 Depths:3 Depths:4
Abyss: Depths:3
Pandemonium: Depths:2
Ziggurat: Depths:3
Trove: Vaults:2 (give 2 scrolls of acquirement)

Annotations:
D:12 exclusion: door
Slime:5 1 exclusion
Geh:7 Asmodeus
Zot:4 6 transporters


Innate Abilities, Weirdness & Mutations

You have an increased reservoir of magic. (+10% MP)
You shall have no god before yourself.
Your divine heritage dramatically boosts your attributes as you level up.
You possess an exceptional clarity of mind.
You are dopey. (Int -2)
You are strong-willed. (Will+)
Your natural rate of healing is unusually fast.


Message History

Asmodeus misses you.
You slice Asmodeus!! You freeze Asmodeus!
Asmodeus is lightly wounded.
You are engulfed in blazing flames.
You resist.
The Brimstone Fiend calls on the powers of darkness!
Your body is wracked with pain!
The Brimstone Fiend calls on the powers of darkness!
Your body is wracked with pain!
* * * LOW HITPOINT WARNING * * *
Okay, then.
Asmodeus attacks as you move away! Asmodeus completely misses you.
Asmodeus gestures.
There is an open door here.
You feel yourself speed up.
The Brimstone Fiend disappears in a puff of smoke!
The balrug disappears in a puff of smoke!
The hellion gestures at you.
The sphere of damnation explodes!
The damnation engulfs you!!
* * * LOW HITPOINT WARNING * * *
The damnation engulfs Asmodeus.
Asmodeus completely resists.
Asmodeus shouts, "Beg for mercy, thou tasty repast!"
The hellion gestures at you.
The sphere of damnation explodes!
The damnation engulfs you!
* * * LOW HITPOINT WARNING * * *
The damnation engulfs Asmodeus.
Asmodeus completely resists.
Asmodeus shouts, "Fly whilst thy luck holds!"
You feel much better.
You are engulfed in blazing flames.
You resist.
* * * LOW HITPOINT WARNING * * *
Asmodeus completely misses you. The hellion gestures at you.
The sphere of damnation explodes!
The damnation engulfs you!
* * * LOW HITPOINT WARNING * * *
Okay, then.
Unknown command.
The Brimstone Fiend calls on the powers of darkness!
Your body is wracked with pain!
* * * LOW HITPOINT WARNING * * *
The Brimstone Fiend gestures at you.
The sphere of damnation explodes!
The damnation engulfs you!!
You die...

§≈§≈≈≈≈# #########..........# #§≈
§§§§≈§§# #.2°.#..#..........###§§
§≈≈≈§≈§# #2°○.1°○#..........'.###
≈≈###### #..○°#°○#........^.÷.#..
≈§# #.○°°#○§#..........#.#.. ≈≈#
#...2#○&############.#.. ≈≈#
#....#☼○#..........'.#.. ≈§#
##++##..#.####.....'.#'# §§#
#.@#.':"#.....###.# ≈≈#
#..#.'[}#.....###.# ≈≈#
#..#.####.....'...# ≈§#
#..#..........##### §§#
###..#######'#### #
≈≈###########....#######'## #
§≈≈≈≈§≈§≈≈≈#....##...#^...# #
§§≈§≈§≈≈≈≈§#....''...'....#######
.§§≈≈≈≈§§≈≈#....##...#....##§§≈≈≈


You could see Asmodeus (clouds) and a Brimstone Fiend (summoned).

Vanquished Creatures
  the Royal Jelly (Slime:5)
  2 dread liches (Zot:5)
  5 orbs of fire
  4 ancient liches
  Mara (Elf:3)
  2 juggernauts (Depths:3)
  30 royal mummies
  Sojobo (Depths:4)
  Parghit (Depths:3)
  10 Killer Klowns (Zot:5)
  Saint Roka (Crypt:1)
  4 curse toes
  Nikola (Shoals:3)
  19 golden dragons
  Geryon (Hell)
  Jory (Vaults:4)
  9 Brimstone Fiends
  2 bone dragons
  3 electric golems
  Jorgrun (Orc:2)
  A walking crystal tome (Depths:3)
  Zenata (Crypt:1)
  25 Orb Guardians (Zot:5)
  21 hellephants
  13 liches
  A Hell Sentinel (Abyss:2)
  The ghost of duchin the Fencer, an adept MfMo of Cheibriados (Vaults:1)
  A walking earthen tome (Depths:3)
  2 deep elf blademasters
  A shard shrike skeleton (Crypt:3)
  17 tentacled monstrosities
  7 titans
  15 searing wretches
  Asterion (Spider:3)
  5 ancient champions
  2 walking divine tomes
  6 quicksilver dragons
  Polyphemus (Shoals:3)
  2 deep elf master archers (Elf:3)
  8 death cobs
  Frances (Spider:2)
  21 acid blobs
  12 sphinxes
  Gastronok (Lair:1)
  A kraken (Shoals:1)
  3 tentacled starspawn (Abyss:1)
  Agnes (Elf:1)
  6 shadow dragons
  2 revenants
  15 storm dragons
  Donald (Spider:4)
  11 tengu reavers
  Roxanne (Spider:2)
  Kirke (Shoals:1)
  6 draconian monks
  14 rockslimes
  4 iron dragons
  2 caustic shrike zombies
  A daeva (Abyss:1)
  10 draconian knights
  21 fire giants
  13 azure jellies
  2 deep elf elementalists (Elf:3)
  6 emperor scorpions
  7 draconian scorchers
  10 deep elf sorcerers
  10 frost giants
  23 vault wardens
  An orc warlord (Vaults:4)
  5 draconian stormcallers
  4 ghost moths
  3 juggernaut zombies
  The ghost of Artemis2 the Warrior, a journeyman MiBe of Trog (Lair:2)
  Aizul (Spider:2)
  4 curse skulls
  25 balrugs
  5 spriggan defenders (Depths:3)
  2 ghouls (Crypt:2)
  34 very ugly things
  11 stone giants
  10 draconian shifters
  3 reapers
  2 broodmothers
  23 ironbound preservers
  6 draconian annihilators
  8 quicksilver oozes
  9 bennus (Tomb:3)
  A war gargoyle (Vaults:4)
  An ophan (Abyss:1)
  Nessos (Lair:4)
  7 ironbound thunderhulks
  18 vampire knights
  13 green draconians
  12 white draconians
  6 deep elf demonologists
  8 entropy weavers
  A lorocyproca (Abyss:1)
  8 black draconians
  10 deep elf annihilators
  11 red draconians
  11 yellow draconians
  8 purple draconians
  The ghost of EarthwalkerPL the Fighter, a journeyman MiFi of Okawaru (D:12)
  A dire elephant (D:15)
  Snorg (D:10)
  11 spark wasps
  A blizzard demon (Abyss:1)
  4 eidola
  An iron golem (Hell)
  10 merfolk impalers
  7 ettins
  8 jiangshi
  9 deep elf death magi
  3 merfolk javelineers (Shoals:4)
  A kraken zombie (Hell)
  26 mummy priests
  3 spriggan zombies
  Josephine (Lair:4)
  10 fire dragons
  14 yaktaur captains
  Harold (Lair:1)
  7 salamander tyrants
  Fannar (Lair:3)
  16 great orbs of eyes
  17 hydras
  7 deep elf high priests
  5 rakshasas
  A boulder beetle (shapeshifter) (Vaults:4)
  A caustic shrike simulacrum (Depths:2)
  6 boulder beetles
  46 vault guards
  A peacekeeper (Vaults:2)
  2 hell beasts (Hell)
  3 ice dragons
  11 centaur warriors
  Erolcha (D:10)
  2 jorogumos
  5 spriggan air magi (Depths:3)
  4 death knights
  A juggernaut simulacrum (Crypt:1)
  10 stokers
  A satyr (shapeshifter) (Vaults:4)
  Erica (Orc:1)
  2 merfolk avatars
  6 ironbound frosthearts
  7 ogre magi
  58 death scarabs
  3 satyrs
  3 merfolk aquamancers (Shoals:4)
  5 catoblepae
  2 radroaches (Spider:4)
  4 tengu warriors
  21 two-headed ogres
  2 fenstrider witch skeletons
  An alligator snapping turtle (Shoals:4)
  9 vampire magi
  6 deep troll shamans
  21 death yaks
  10 deep troll earth magi
  2 spriggans (Depths:3)
  21 dancing weapons
  2 orc high priests (Orc:1)
  A bennu skeleton (Crypt:2)
  2 thrashing horrors (Abyss:1)
  34 hell hogs
  13 hell knights
  2 titan zombies (Crypt:3)
  15 sun demons
  3 spriggan berserkers
  3 storm dragon zombies
  6 soul eaters
  7 wretched stars
  Sonja (Orc:1)
  9 iron trolls
  17 deep elf knights
  A shadow wraith (Crypt:3)
  3 pharaoh ants
  A bunyip zombie (Crypt:3)
  5 sea snakes
  44 skeletal warriors
  4 sixfirhies
  Lodul (D:12)
  77 deep trolls
  6 glowing orange brains
  A sun moth (Spider:4)
  2 spark wasp zombies (Hell)
  2 golden dragon zombies
  2 tengu zombies
  9 orb spiders
  A spriggan rider (Depths:3)
  An anaconda zombie (Crypt:3)
  7 steelbarb worms
  A swamp dragon (shapeshifter) (Vaults:5)
  A bog body (Crypt:2)
  7 flayed ghosts
  A harpy (shapeshifter) (D:13)
  31 phantasmal warriors
  14 necromancers
  2 orc knights (Vaults:4)
  2 shadow dragon zombies
  4 orange crystal statues
  17 lindwurms
  13 harpies
  2 broodmother zombies (Crypt:1)
  14 ironbound convokers
  6 deep elf archers
  24 deep elf zephyrmancers
  20 deep elf pyromancers
  23 wolf spiders
  6 wizards
  9 shining eyes
  34 ugly things
  A manticore (shapeshifter) (Vaults:4)
  2 stone giant zombies
  4 iron dragon zombies
  17 fauns
  A cyclops (shapeshifter) (Vaults:5)
  8 cyclopes
  8 orc sorcerers
  2 fire giant zombies
  A moth of wrath (shapeshifter) (Vaults:5)
  22 manticores
  4 worldbinders (Abyss:1)
  Maurice (D:9)
  24 moths of wrath
  16 elephants
  8 rust devils (Hell)
  6 black mambas
  6 torpor snails
  An alligator snapping turtle zombie (Abyss:1)
  A dire elephant zombie (Crypt:3)
  A frost giant skeleton (Depths:2)
  2 naga zombies (Crypt:3)
  An apocalypse crab (Abyss:2)
  7 merfolk sirens
  21 vault sentinels
  3 eyes of devastation
  Joseph (D:9)
  5 human skeletons
  13 smoke demons
  2 molten gargoyles (Hell)
  10 water nymphs
  14 cane toads
  2 ice statues
  2 titan simulacra
  A red draconian zombie (Crypt:2)
  2 gargoyles (D:13)
  2 rime drakes
  9 demonic crawlers
  A catoblepas zombie (Tomb:3)
  3 centaur skeletons
  11 hellions
  An unseen horror (D:11)
  15 komodo dragons
  A dire elephant skeleton (Crypt:1)
  2 komodo dragons (shapeshifter)
  An efreet (D:11)
  2 freezing wraiths
  28 yaktaurs
  A yaktaur (shapeshifter) (D:15)
  A naga skeleton (Tomb:2)
  10 ice devils
  An anaconda simulacrum (Crypt:3)
  A hellwing (Abyss:2)
  2 tormentors
  4 hydra zombies
  5 tengu conjurers
  7 ancient zymes
  40 guardian mummies
  A red devil (Hell)
  A sea snake skeleton (Hell)
  24 merfolk
  5 trolls
  A wind drake (shapeshifter) (Vaults:4)
  5 polar bears
  A harpy zombie (Crypt:1)
  7 wind drakes
  6 meliai
  23 tarantellas
  23 blink frogs
  A radroach zombie (Crypt:2)
  2 hornets (Depths:3)
  20 raiju
  2 tarantellas (shapeshifter)
  A tarantella zombie (Crypt:2)
  102 slime creatures
  An ice dragon zombie (Crypt:3)
  A hydra skeleton (Hell)
  8 dream sheep
  A harpy skeleton (Tomb:2)
  An ettin zombie (Hell)
  9 snapping turtles
  24 jumping spiders
  17 culicivoras
  33 starcursed masses
  Sigmund (D:3)
  A guardian serpent skeleton (Crypt:1)
  35 flying skulls
  16 wraiths
  3 shadows
  3 spriggan skeletons
  8 air elementals
  4 wyverns
  A satyr skeleton (Crypt:2)
  4 ynoxinuls
  A black mamba zombie (Crypt:3)
  A tyrant leech zombie (Crypt:3)
  15 water elementals
  4 fire bats (Abyss:1)
  44 yaks
  19 ushabtiu
  8 neqoxecs
  3 basilisks
  5 fire elementals
  Grum (D:8)
  A golden eye (shapeshifter) (Depths:4)
  9 golden eyes
  6 vampire mosquitoes
  A human simulacrum (Vaults:4)
  45 redbacks
  3 steam dragons
  4 chaos spawn
  5 wargs
  12 large abominations
  3 acid dragons
  11 water moccasins
  2 glowing shapeshifter zombies
  A floating eye (Slime:3)
  A glowing orange brain zombie (Crypt:1)
  2 hydra simulacra (Hell)
  A merfolk skeleton (Crypt:3)
  A glowing shapeshifter skeleton (Depths:1)
  An ice beast (D:8)
  3 black bears
  A sky beast (D:6)
  26 orc warriors
  49 ogres
  A boggart (Vaults:2)
  An eye of devastation zombie (Crypt:3)
  9 wolves
  9 centaurs
  4 phantoms
  2 kobold brigands
  A gnoll sergeant (Orc:2)
  A salamander zombie (Crypt:3)
  4 earth elementals
  3 scorpions
  14 bullfrogs
  5 necrophages (Crypt:2)
  A salamander skeleton (Crypt:1)
  A cyclops zombie (Crypt:2)
  9 small abominations
  4 wights (D:10)
  A wyvern skeleton (Crypt:1)
  6 killer bees (D:10)
  A killer bee (shapeshifter) (Vaults:5)
  3 electric eels
  5 howler monkeys
  A crimson imp (Abyss:1)
  5 lava snakes
  4 quasits
  5 jellies
  3 gnoll boudas
  3 centaur zombies
  2 hounds
  A hound (shapeshifter) (Vaults:4)
  25 orc priests
  An iron imp (Abyss:1)
  Terence (D:2)
  5 iguanas
  29 orc wizards
  A boggart zombie (Crypt:2)
  An ogre skeleton (Crypt:1)
  A boggart simulacrum (D:12)
  68 mummies
  Robin (D:3)
  5 adders
  21 gnolls
  A swamp drake zombie (Crypt:2)
  2 white imps
  An ufetubus (Abyss:2)
  An iguana skeleton (Crypt:3)
  2 worms (D:2)
  2 dart slugs (D:1)
  105 orcs
  10 ball pythons
  8 bats
  10 endoplasms
  10 hobgoblins
  15 jackals
  25 kobolds
  3 quokkas
  13 frilled lizards
  2 gnoll skeletons (Ossuary)
  31 goblins
  4 goblin skeletons
  A hobgoblin zombie (Crypt:3)
  A kobold skeleton (Ossuary)
  2 orc skeletons (Ossuary)
  6 rats
  11 rat skeletons (Ossuary)
  A bush (Lair:4)
  7 creeping infernos
  16 fire vortices
  A lurking horror (Abyss:1)
  A starspawn tentacle (Abyss:1)
  3 tentacles (Hell)
3283 creatures vanquished.

Vanquished Creatures (collateral kills)
  A sphinx (Vaults:1)
  3 vault wardens (Vaults:1)
  An orc warlord (Bailey)
  A bennu (Tomb:3)
  A yaktaur captain (Vaults:1)
  A spriggan skeleton (Tomb:3)
  7 death scarabs (Tomb:3)
  An ironbound convoker (Vaults:1)
  4 guardian mummies (Tomb:3)
  A harpy skeleton (Tomb:3)
  A merfolk zombie (Tomb:3)
  4 mummies (Tomb:3)
26 creatures vanquished.

Vanquished Creatures (others)
  An ugly thing (Vaults:3)
  A moth of wrath (Zot:5)
  An air elemental (Shoals:4)
  An orc warrior (Crypt:1)
  An adder (D:5)
  An orc (Crypt:1)
  A creeping inferno (Geh:7)
  2 fire vortices (Geh:7)
  19 fungi
  2 lurking horrors (Abyss:1)
  134 plants
  3 starspawn tentacles (Abyss:1)
  11 tentacles
178 creatures vanquished.

Grand Total: 3487 creatures vanquished

Notes
Turn   | Place    | Note
-------+----------+-------------------------------------------
     0 | D:1      | Gabide the Demigod Gladiator began the quest for the Orb.
     0 | D:1      | Reached XP level 1. HP: 17/17 MP: 3/3
   401 | D:1      | Reached XP level 2. HP: 24/24 MP: 4/4
  1062 | D:1      | Reached XP level 3. HP: 26/29 MP: 5/5
  1619 | D:2      | Noticed Terence
  1634 | D:2      | Killed Terence
  1635 | D:2      | Reached XP level 4. HP: 20/37 MP: 6/6
  2934 | D:3      | Found a glowing drain.
  2961 | Sewer    | Entered a sewer
  3001 | Sewer    | Noticed a water moccasin
  3019 | Sewer    | Killed a water moccasin
  3020 | Sewer    | Reached XP level 5. HP: 10/45 MP: 7/7
  3484 | D:3      | Noticed Sigmund
  3496 | D:3      | Killed Sigmund
  3497 | D:3      | Reached skill level 5 in Long Blades
  3497 | D:3      | Reached XP level 6. HP: 49/51 MP: 8/8
  3951 | D:3      | Noticed Robin
  4014 | D:3      | Killed Robin
  4754 | D:4      | Found a staircase to the Ecumenical Temple.
  4957 | D:4      | Reached XP level 7. HP: 54/59 MP: 9/9
  5813 | D:5      | Entered Level 5 of the Dungeon
  6019 | D:5      | Reached skill level 5 in Dodging
  6190 | D:5      | Found Oloe's Antique Weapon Shop.
  6397 | D:5      | Reached XP level 8. HP: 67/67 MP: 10/10
  6545 | D:6      | Found Ririss's Weapon Boutique.
  6638 | D:6      | Reached skill level 5 in Fighting
  7612 | D:6      | Reached XP level 9. HP: 34/75 MP: 11/11
  8083 | D:7      | Noticed a two-headed ogre
  8248 | D:7      | Found a flagged portal.
  8270 | Bailey   | Entered a bailey
  8326 | Bailey   | Noticed an orc warlord
  8604 | Bailey   | Found a runed translucent gate.
  8607 | Bailey   | Found a runed translucent gate.
  8608 | Bailey   | Found a runed translucent gate.
  8769 | Bailey   | Killed an orc warlord
  8942 | Bailey   | Got the Quarto of Imprecation
  8943 | Bailey   | Reached XP level 10. HP: 88/88 MP: 13/13
  9184 | D:7      | Killed a two-headed ogre
  9888 | D:8      | Noticed Grum
  9922 | D:8      | Killed Grum
  9923 | D:8      | Reached XP level 11. HP: 51/95 MP: 14/14
 10002 | D:8      | Found a sand-covered staircase.
 10045 | Ossuary  | Entered an ossuary
 11459 | D:9      | Noticed a two-headed ogre
 11469 | D:9      | Killed a two-headed ogre
 11591 | D:9      | Noticed a death yak
 11593 | D:9      | Noticed a death yak
 11594 | D:9      | Noticed a death yak
 11624 | D:9      | Killed a death yak
 11627 | D:9      | Killed a death yak
 11638 | D:9      | Killed a death yak
 12702 | D:9      | Noticed a boulder beetle
 12702 | D:9      | Noticed a centaur warrior
 12727 | D:9      | Killed a centaur warrior
 12762 | D:9      | Killed a boulder beetle
 13045 | D:9      | Noticed Maurice
 13065 | D:9      | Killed Maurice
 13278 | D:9      | Found a staircase to the Lair.
 13342 | D:9      | Noticed Joseph
 13352 | D:9      | Killed Joseph
 13707 | Lair:1   | Entered Level 1 of the Lair of Beasts
 13720 | Lair:1   | Noticed Harold
 13829 | D:5      | Bought a great sword for 156 gold pieces
 13837 | D:5      | Identified a scroll of acquirement
 13837 | D:5      | Acquired the +7 triple sword "Pohen" {drain, MP-9 Int+3
                  | Dex+3}
 13959 | Lair:1   | Killed Harold
 14071 | Lair:1   | Reached skill level 10 in Dodging
 14075 | Lair:1   | Reached XP level 12. HP: 82/106 MP: 6/15
 14304 | Lair:1   | Noticed Gastronok
 14313 | Lair:1   | Killed Gastronok
 14314 | Lair:1   | Reached skill level 10 in Fighting
 14783 | Lair:1   | Noticed an eight-headed hydra
 14788 | Lair:1   | Killed a ten-headed hydra
 15356 | Lair:2   | Found a staircase to the Shoals.
 15681 | Lair:2   | Noticed an eight-headed hydra
 15702 | Lair:2   | Killed a 12-headed hydra
 16265 | Lair:2   | Acquired the +2 hat "Yjeotuse" {rElec rPois Dex+3}
 16786 | Lair:3   | Found a runed translucent gate.
 16786 | Lair:3   | Found a runed translucent gate.
 16786 | Lair:3   | Found a runed translucent gate.
 16788 | Lair:3   | Noticed a 13-headed hydra
 16788 | Lair:3   | Noticed Artemis2's ghost (journeyman MiBe)
 17125 | Lair:3   | Noticed a catoblepas
 17125 | Lair:3   | Noticed a six-headed hydra
 17126 | Lair:3   | Noticed a boulder beetle
 17136 | Lair:3   | Killed a catoblepas
 17137 | Lair:3   | Reached skill level 15 in Long Blades
 17150 | Lair:3   | Killed a 19-headed hydra
 17155 | Lair:3   | Noticed a five-headed hydra
 17421 | Lair:3   | Reached XP level 13. HP: 115/115 MP: 7/16
 17490 | Lair:3   | Noticed Fannar
 17544 | Lair:3   | Killed Fannar
 18165 | Lair:3   | Identified the +5 long sword of Rotten Purpose {freeze,
                  | Will+}
 18380 | Lair:3   | Found a hole to the Spider Nest.
 18652 | Lair:3   | Identified the +8 spear "Verghof" {vorpal, rF+++ rC+ Will+
                  | Str-2}
 18918 | Lair:4   | Noticed Josephine
 18926 | Lair:4   | Killed Josephine
 19578 | Lair:4   | Noticed Nessos
 19584 | Lair:4   | Killed Nessos
 19784 | Lair:4   | Found a staircase to the Slime Pits.
 19796 | Lair:4   | Got the Compilation of the Snowflakes
 20336 | Lair:5   | Entered Level 5 of the Lair of Beasts
 20663 | Lair:5   | Reached XP level 14. HP: 110/126 MP: 8/17
 22357 | D:10     | Entered Level 10 of the Dungeon
 22414 | D:10     | Found Huvvew's Armour Shop.
 22444 | D:10     | Noticed Snorg
 22455 | D:10     | Killed Snorg
 22640 | D:10     | Found a staircase to the Orcish Mines.
 23340 | D:10     | Noticed Erolcha
 23349 | D:10     | Killed Erolcha
 25031 | D:12     | Noticed Lodul
 25044 | D:12     | Killed Lodul
 25875 | D:12     | Found a runed translucent door.
 25876 | D:12     | Noticed EarthwalkerPL's ghost (journeyman MiFi)
 26023 | D:12     | Killed EarthwalkerPL's ghost
 26449 | Lair:2   | Killed Artemis2's ghost
 27127 | D:13     | Reached XP level 15. HP: 127/135 MP: 9/18
 28205 | D:14     | Identified the +4 long sword of Soinag {freeze, rF- Dex+3
                  | SInv}
 28843 | D:14     | Found a gate to the Vaults.
 28958 | D:15     | Entered Level 15 of the Dungeon
 28988 | D:15     | Found a staircase to the Depths.
 29506 | D:15     | Identified the +10 trident of Ojepn {elec, rC+ rN+ rCorr
                  | MP+9}
 29802 | D:15     | Found Lajun's Vocational Training.
 30086 | Orc:1    | Entered Level 1 of the Orcish Mines
 30605 | Orc:1    | Noticed Sonja
 30611 | Orc:1    | Killed Sonja
 30701 | Orc:2    | Entered Level 2 of the Orcish Mines
 30798 | Orc:2    | Found a staircase to the Elven Halls.
 31064 | Orc:2    | Found Fof Ehed's Armour Shoppe.
 31064 | Orc:2    | Found Myluit's Distillery.
 31065 | Orc:2    | Found Ewio's Antique Armour Shop.
 31065 | Orc:2    | Found Ekkugh's Jewellery Shoppe.
 31497 | Orc:2    | Bought a pair of faintly humming boots for 190 gold pieces
 31497 | Orc:2    | Identified the +0 pair of boots "Soxuhucu" {Harm Int+5
                  | Dex-2} (You bought it in a shop on level 2 of the Orcish
                  | Mines)
 31498 | Orc:2    | Bought the ring of the Queen {rPois Will+ Dex+4} for 713
                  | gold pieces
 31506 | Orc:2    | Bought a potion of heal wounds for 65 gold pieces
 31509 | Orc:2    | Bought a +0 pair of boots for 58 gold pieces
 31515 | Orc:2    | Bought a potion of haste for 130 gold pieces
 31515 | Orc:2    | Bought a potion of might for 52 gold pieces
 31515 | Orc:2    | Bought a potion of berserk rage for 65 gold pieces
 31515 | Orc:2    | Bought a potion of haste for 130 gold pieces
 31515 | Orc:2    | Bought a potion of mutation for 104 gold pieces
 31629 | Orc:2    | Noticed Jorgrun
 31637 | Orc:2    | Killed Jorgrun
 31934 | Orc:1    | Noticed Erica
 31942 | Orc:1    | Killed Erica
 31943 | Orc:1    | Reached XP level 16. HP: 146/146 MP: 10/19
 32278 | Shoals:1 | Entered Level 1 of the Shoals
 32581 | Shoals:1 | Noticed a kraken
 32594 | Shoals:1 | Killed a kraken
 32852 | Shoals:1 | Found Qasish's Assorted Antiques.
 33148 | Shoals:1 | Noticed Kirke
 33157 | Shoals:1 | Killed Kirke
 34604 | Shoals:2 | You fall into a shaft and drop 1 floor!
 35386 | Shoals:3 | Identified the +1 pair of gloves "Tuddoohu" {Str+7}
 35386 | Shoals:3 | Noticed Nikola
 35397 | Shoals:3 | Killed Nikola
 35459 | Shoals:3 | Reached skill level 15 in Dodging
 35481 | Shoals:3 | Noticed Polyphemus
 35585 | Shoals:3 | Killed Polyphemus
 35663 | Shoals:3 | Found Baffoev's Distillery.
 36083 | Shoals:3 | Found Elur Niexa's CLEARANCE SALE!.
 36089 | Shoals:3 | Bought a phantom mirror for 240 gold pieces
 36089 | Shoals:3 | Bought a scroll of teleportation for 18 gold pieces
 36100 | Shoals:3 | Reached skill level 15 in Fighting
 36494 | Shoals:4 | Entered Level 4 of the Shoals
 37269 | Shoals:4 | Noticed a titan
 37278 | Shoals:4 | Killed a titan
 37279 | Shoals:4 | Reached XP level 17. HP: 53/156 MP: 11/20
 37611 | Shoals:4 | Got the Excursus on Dark Secrets and Blasting
 37613 | Shoals:4 | Got Poxops's Almanac of Spatial Frostbite
 37615 | Shoals:4 | Got a barnacled rune of Zot
 37929 | Shoals:4 | Identified the +8 spear "Meony" {venom, +Blink rF+ rCorr
                  | Int+4}
 37932 | Shoals:4 | Identified the +1 leather armour of Noclicurgh {Str+4}
 37933 | Shoals:4 | Identified the +0 pair of boots of Lugunapi {Drain Regen+
                  | Slay+3}
 37978 | Shoals:4 | Paralysed by an air elemental for 1 turns
 37983 | Shoals:4 | Paralysed by an air elemental for 1 turns
 38035 | Shoals:3 | Bought 2 potions of curing for 90 gold pieces
 38035 | Shoals:3 | Bought a potion of heal wounds for 75 gold pieces
 38035 | Shoals:3 | Bought a potion of heal wounds for 75 gold pieces
 38035 | Shoals:3 | Bought a potion of invisibility for 120 gold pieces
 38264 | Shoals:4 | Paralysed by an air elemental for 1 turns
 38859 | Spider:1 | Entered Level 1 of the Spider Nest
 39579 | Spider:2 | Noticed Frances
 39586 | Spider:2 | Killed Frances
 39666 | Spider:2 | Noticed Aizul
 39679 | Spider:2 | Killed Aizul
 39707 | Spider:2 | Identified Roxanne's Treatise on Terrain
 39707 | Spider:2 | Noticed Roxanne
 39722 | Spider:2 | Killed Roxanne
 41259 | Spider:3 | Noticed Asterion
 41272 | Spider:3 | Killed Asterion
 41705 | Spider:4 | Entered Level 4 of the Spider Nest
 41911 | Spider:4 | Noticed Donald
 41923 | Spider:4 | Killed Donald
 41924 | Spider:4 | Reached XP level 18. HP: 63/166 MP: 12/21
 42357 | Spider:4 | Got a gossamer rune of Zot
 43170 | Vaults:1 | Entered Level 1 of the Vaults
 43244 | Vaults:1 | Found a large runed translucent door.
 43244 | Vaults:1 | Found a large runed translucent door.
 43245 | Vaults:1 | Noticed duchin's ghost (adept MfMo)
 43245 | Vaults:1 | Found the +8 Vampire's Tooth {vamp}
 44232 | Vaults:1 | Found Muopnikh's Antique Weapon Boutique.
 44301 | Vaults:1 | Killed duchin's ghost
 44323 | Vaults:1 | Got the Reference Book on Hazy Hurting
 44836 | Vaults:2 | Found a portal to a secret trove of treasure.
 44909 | Vaults:2 | Found Noedeyca's Book Emporium.
 45074 | Vaults:2 | Reached XP level 19. HP: 50/177 MP: 13/22
 45190 | Vaults:2 | Bought a manual of Fighting for 1440 gold pieces
 45375 | Vaults:2 | Found a staircase to the Crypt.
 47265 | Vaults:4 | Found Pone's General Store.
 47392 | Vaults:4 | Found Koquc's Weapon Shop.
 47425 | Vaults:4 | Noticed Jory
 47437 | Vaults:4 | Killed Jory
 48316 | Vaults:4 | Reached XP level 20. HP: 183/191 MP: 24/24
 48633 | Vaults:4 | Identified the +10 battleaxe "Jecvees" {flame, Str+6}
 48982 | Vaults:4 | Got Arekir's Opusculum on the Congregation and Hexes
 49122 | Vaults:5 | Entered Level 5 of the Vaults
 49467 | Vaults:5 | Noticed a golden dragon
 49785 | Vaults:4 | Killed a golden dragon
 49856 | Vaults:5 | Noticed an ancient lich
 49856 | Vaults:5 | Noticed a golden dragon
 50176 | Vaults:5 | Identified the +5 sling of the Fray {flame, rN++ Str-5}
 50443 | Vaults:4 | Killed a golden dragon
 50460 | Vaults:5 | Killed an ancient lich
 50767 | Vaults:5 | Identified the ring "Wunis" {Will+ Str+6}
 50796 | Vaults:5 | Got a silver rune of Zot
 50889 | Vaults:5 | Noticed an ancient lich
 50902 | Vaults:5 | Killed an ancient lich
 50903 | Vaults:5 | Reached XP level 21. HP: 201/202 MP: 16/25
 50946 | Vaults:5 | Identified the +1 scale mail of Dogmatism {rF- Str+2 Dex+7
                  | Stlth+}
 51662 | Depths:1 | Entered Level 1 of the Depths
 51960 | Depths:1 | Found a gateway to Hell.
 52969 | Depths:2 | Found a one-way gate leading to the halls of Pandemonium.
 53297 | Depths:2 | Reached skill level 1 in Armour
 53650 | Depths:3 | Noticed a golden dragon
 53656 | Depths:3 | Killed a golden dragon
 53725 | Depths:3 | Found a one-way gate to the infinite horrors of the Abyss.
 53771 | Depths:3 | Reached skill level 5 in Armour
 53828 | Depths:3 | Noticed a juggernaut
 53847 | Depths:3 | Killed a juggernaut
 54022 | Depths:3 | Found a one-way gateway to a ziggurat.
 54133 | Depths:3 | Noticed a golden dragon
 54155 | Depths:3 | Killed a golden dragon
 54573 | Depths:3 | Noticed a golden dragon
 54584 | Depths:3 | Killed a golden dragon
 54590 | Depths:3 | Noticed a juggernaut
 54600 | Depths:3 | Killed a juggernaut
 54601 | Depths:3 | Reached XP level 22. HP: 170/213 MP: 17/26
 54636 | Depths:3 | Noticed Parghit
 54813 | Depths:3 | Killed Parghit
 54979 | Depths:3 | Identified the ring "Cirehiof" {Wiz rN+ Str-4 Dex+2}
 55059 | Depths:4 | Entered Level 4 of the Depths
 55065 | Depths:4 | Found Ycleo's General Store.
 55065 | Depths:4 | Found Giuledank's Antique Armour Emporium.
 55362 | Depths:4 | Found a gate to the Realm of Zot.
 55514 | Depths:4 | Reached skill level 27 in Long Blades
 55814 | Depths:4 | Noticed Sojobo
 55818 | Depths:4 | Paralysed by an air elemental for 1 turns
 55872 | Depths:4 | Killed Sojobo
 56286 | Elf:1    | Entered Level 1 of the Elven Halls
 56392 | Elf:1    | Found the +5 robe of Misfortune {Harm *Corrode *Slow EV+5}
 56640 | Elf:1    | Found Xump's Distillery.
 56649 | Elf:1    | Bought a potion of resistance for 150 gold pieces
 56649 | Elf:1    | Bought a potion of heal wounds for 75 gold pieces
 56649 | Elf:1    | Bought a potion of might for 60 gold pieces
 56649 | Elf:1    | Bought a potion of might for 60 gold pieces
 57069 | Elf:2    | Noticed Agnes
 57089 | Elf:1    | Killed Agnes
 57222 | Elf:2    | Found Ogikhlozy's Antique Armour Boutique.
 57372 | Elf:2    | Found a runed translucent gate.
 57375 | Elf:2    | Found a runed translucent gate.
 57375 | Elf:2    | Found a runed translucent gate.
 57411 | Elf:2    | Found Liduv's Weapon Boutique.
 57476 | Elf:2    | Found Apluf's Book Boutique.
 57477 | Elf:2    | Found Nustruc's Jewellery Shoppe.
 57477 | Elf:2    | Found Utoorch's Jewellery Shoppe.
 57954 | Elf:3    | Entered Level 3 of the Elven Halls
 58069 | Elf:3    | Found Cyor's Antique Weapon Boutique.
 58365 | Elf:3    | Reached XP level 23. HP: 224/224 MP: 18/27
 58524 | Elf:3    | Gained mutation: You are weak. (Str -2) [a cacodemon]
 58605 | Elf:3    | Identified the +8 morningstar "Dunwirgh" {vamp, rElec Str-2
                  | Int+7 Stlth+}
 58605 | Elf:3    | Identified the ring of Violaos {*Slow rC+ rN+ Will+ SInv}
 58625 | Elf:3    | Identified the +10 short sword "Eddoal" {antimagic, Str+3}
 58655 | Elf:3    | Identified the +3 sling "Xedeybb" {flame, Fly Int+2}
 58761 | Elf:3    | Found the amulet of the Four Winds {rN+ Will+++ Clar}
 58765 | Elf:3    | Found the ring of the Mage {Wiz Archmagi}
 58782 | Elf:3    | Got the Textbook on Illusion and Enchantment
 58784 | Elf:3    | Identified the ring "Seikko" {MP+9 Str+3 Int+2 Slay-2}
 58786 | Elf:3    | Identified the +3 quarterstaff "Kocw" {venom, rF+++ Str-3
                  | Int+5}
 58820 | Elf:3    | Identified the +5 mace "Hydrabane" {vorpal, Str+3}
 59046 | Elf:3    | Noticed Mara
 59050 | Elf:3    | Killed Mara
 59479 | Crypt:1  | Entered Level 1 of the Crypt
 59504 | Crypt:1  | Noticed Saint Roka
 59533 | Crypt:1  | Killed Saint Roka
 59645 | Crypt:1  | Noticed Zenata
 59654 | Crypt:1  | Killed Zenata
 60122 | Crypt:2  | Found the ring of Shadows {Umbra +Inv Stlth+}
 60712 | Crypt:3  | Entered Level 3 of the Crypt
 60948 | Crypt:3  | Reached skill level 10 in Armour
 61002 | Crypt:3  | Found a staircase to the Tomb.
 62336 | Zot:1    | Entered Level 1 of the Realm of Zot
 62613 | Zot:1    | Reached XP level 24. HP: 235/235 MP: 18/27
 63220 | Zot:2    | Noticed an orb of fire
 63274 | Zot:2    | Gained mutation: You are dopey. (Int -2) [an orb of fire]
 63280 | Zot:2    | Killed an orb of fire
 65382 | Zot:4    | Found a transporter.
 65387 | Zot:4    | Found a transporter.
 65726 | Zot:4    | Found a transporter.
 65752 | Zot:4    | Found a transporter.
 65948 | Zot:4    | Found a transporter.
 65949 | Zot:4    | Found a transporter.
 66039 | Zot:4    | Found a transporter.
 66042 | Zot:4    | Found a transporter.
 66106 | Zot:5    | Entered Level 5 of the Realm of Zot
 67080 | Slime:1  | Entered Level 1 of the Pits of Slime
 67225 | Slime:2  | Reached XP level 25. HP: 249/249 MP: 18/27
 68334 | Slime:2  | Gained mutation: Your spells are a little easier to cast,
                  | but a little less powerful. [a shining eye]
 69464 | Slime:5  | Entered Level 5 of the Pits of Slime
 69473 | Slime:5  | Gained mutation: You occasionally lose the ability to drink
                  | potions when taking damage. [a shining eye]
 69477 | Slime:5  | Gained mutation: You sometimes lose your temper in combat.
                  | [a shining eye]
 69481 | Slime:5  | Lost mutation: You sometimes lose your temper in combat.
                  | [potion of mutation]
 69481 | Slime:5  | Lost mutation: You are dopey. (Int -2) [potion of mutation]
 69481 | Slime:5  | Lost mutation: You are weak. (Str -2) [potion of mutation]
 69481 | Slime:5  | Lost mutation: Your spells are a little easier to cast, but
                  | a little less powerful. [potion of mutation]
 69647 | Slime:5  | Noticed the Royal Jelly
 69674 | Slime:5  | Killed the Royal Jelly
 70093 | Slime:5  | Gained mutation: You sometimes lose your temper in combat.
                  | [a shining eye]
 70093 | Slime:5  | Gained mutation: You are occasionally teleported next to
                  | monsters. [a shining eye]
 70094 | Slime:5  | Gained mutation: You are clumsy. (Dex -2) [a shining eye]
 70096 | Slime:5  | Gained mutation: Your spells are a little easier to cast,
                  | but a little less powerful. [a shining eye]
 70096 | Slime:5  | Gained mutation: Your body sometimes deteriorates upon
                  | taking damage. [a shining eye]
 70103 | Slime:5  | Gained mutation: Your muscles are strong. (Str +4, Int/Dex
                  | -1) [a shining eye]
 70120 | Slime:5  | Got a slimy rune of Zot
 70178 | Slime:5  | Lost mutation: Your body sometimes deteriorates upon taking
                  | damage. [potion of mutation]
 70178 | Slime:5  | Lost mutation: You are occasionally teleported next to
                  | monsters. [potion of mutation]
 70178 | Slime:5  | Gained mutation: You have sharp toenails. [potion of
                  | mutation]
 70179 | Slime:5  | Lost mutation: Your muscles are strong. (Str +4, Int/Dex
                  | -1) [potion of mutation]
 70179 | Slime:5  | Lost mutation: You are clumsy. (Dex -2) [potion of
                  | mutation]
 70179 | Slime:5  | Gained mutation: You are strong-willed. (Will+) [potion of
                  | mutation]
 70179 | Slime:5  | Gained mutation: You have a pair of small horns on your
                  | head. [potion of mutation]
 70179 | Slime:5  | Gained mutation: You sometimes lose the ability to drink
                  | potions when taking damage. [potion of mutation]
 70179 | Slime:5  | Gained mutation: You are agile. (Dex +4, Str/Int -1)
                  | [potion of mutation]
 70181 | Slime:5  | Lost mutation: You are agile. (Dex +4, Str/Int -1) [potion
                  | of mutation]
 70181 | Slime:5  | Lost mutation: Your spells are a little easier to cast, but
                  | a little less powerful. [potion of mutation]
 70181 | Slime:5  | Gained mutation: Your muscles are strong. (Str +4, Int/Dex
                  | -1) [potion of mutation]
 70182 | Slime:5  | Lost mutation: Your muscles are strong. (Str +4, Int/Dex
                  | -1) [potion of mutation]
 70182 | Slime:5  | Lost mutation: You have sharp toenails. [potion of
                  | mutation]
 70182 | Slime:5  | Lost mutation: You have a pair of small horns on your head.
                  | [potion of mutation]
 70182 | Slime:5  | Gained mutation: You are clumsy. (Dex -2) [potion of
                  | mutation]
 70182 | Slime:5  | Gained mutation: You have a beak for a mouth. [potion of
                  | mutation]
 70182 | Slime:5  | Gained mutation: You passively map a small area around you.
                  | [potion of mutation]
 70183 | Slime:5  | Lost mutation: You have a beak for a mouth. [potion of
                  | mutation]
 70183 | Slime:5  | Lost mutation: You are strong-willed. (Will+) [potion of
                  | mutation]
 70183 | Slime:5  | Lost mutation: You sometimes lose your temper in combat.
                  | [potion of mutation]
 70192 | Slime:5  | Identified the +1 scale mail of the Skies Above {rF+ rN+
                  | Str+2 SInv}
 70236 | Slime:5  | Got the Reference Book on the Variable Retinue
 70750 | D:9      | Lost mutation: You are clumsy. (Dex -2) [potion of
                  | mutation]
 70750 | D:9      | Lost mutation: You sometimes lose the ability to drink
                  | potions when taking damage. [potion of mutation]
 70750 | D:9      | Lost mutation: You passively map a small area around you.
                  | [potion of mutation]
 70750 | D:9      | Gained mutation: You expend magic power (3 MP) to
                  | strengthen your wands. [potion of mutation]
 70750 | D:9      | Gained mutation: Potions are less effective at restoring
                  | your health. [potion of mutation]
 70750 | D:9      | Gained mutation: You are covered in fur. (AC +1) [potion of
                  | mutation]
 71208 | Zot:4    | Identified the +1 hat of Happy Babbling {Slay+3}
 71367 | Depths:3 | Voluntarily entered the Abyss.
 72261 | Abyss:1  | Gained mutation: Your body sometimes deteriorates upon
                  | taking damage. [a neqoxec]
 73298 | Abyss:2  | Noticed an ancient lich
 73307 | Abyss:2  | Killed an ancient lich
 73308 | Abyss:2  | Gained mutation: You are frail. (-10% HP) [a neqoxec]
 73316 | Abyss:2  | Lost mutation: You are frail. (-10% HP) [potion of
                  | mutation]
 73316 | Abyss:2  | Lost mutation: You occasionally lose the ability to drink
                  | potions when taking damage. [potion of mutation]
 73316 | Abyss:2  | Lost mutation: You are covered in fur. (AC +1) [potion of
                  | mutation]
 73316 | Abyss:2  | Gained mutation: Your spells are a little easier to cast,
                  | but a little less powerful. [potion of mutation]
 73574 | Abyss:3  | Gained mutation: You occasionally shout uncontrollably at
                  | your foes. [a neqoxec]
 73611 | Abyss:3  | Got an abyssal rune of Zot
 73634 | Depths:3 | Escaped the Abyss
 75691 | Tomb:1   | Entered Level 1 of the Tomb of the Ancients
 75884 | Tomb:1   | Reached XP level 26. HP: 192/264 MP: 24/27
 76178 | Tomb:1   | Noticed a royal mummy
 76186 | Tomb:1   | Killed a royal mummy
 76719 | Tomb:1   | Identified the +7 great sword of Sitzeina {vorpal, rElec}
 77158 | Tomb:2   | Noticed a royal mummy
 77167 | Tomb:2   | Killed a royal mummy
 77183 | Tomb:2   | Noticed a royal mummy
 77191 | Tomb:2   | Killed a royal mummy
 77192 | Tomb:2   | Reached skill level 27 in Fighting
 77206 | Tomb:2   | Noticed a royal mummy
 77207 | Tomb:2   | Noticed a royal mummy
 77211 | Tomb:2   | Killed a royal mummy
 77567 | Tomb:2   | Lost mutation: Your spells are a little easier to cast, but
                  | a little less powerful. [potion of mutation]
 77567 | Tomb:2   | Lost mutation: You expend magic power (3 MP) to strengthen
                  | your wands. [potion of mutation]
 77567 | Tomb:2   | Lost mutation: You occasionally shout uncontrollably at
                  | your foes. [potion of mutation]
 77567 | Tomb:2   | Gained mutation: You occasionally lose the ability to drink
                  | potions when taking damage. [potion of mutation]
 77568 | Tomb:2   | Lost mutation: Your body sometimes deteriorates upon taking
                  | damage. [potion of mutation]
 77568 | Tomb:2   | Lost mutation: You occasionally lose the ability to drink
                  | potions when taking damage. [potion of mutation]
 77568 | Tomb:2   | Lost mutation: Potions are less effective at restoring your
                  | health. [potion of mutation]
 77568 | Tomb:2   | Gained mutation: You occasionally lose the ability to read
                  | scrolls when taking damage. [potion of mutation]
 77568 | Tomb:2   | Lost mutation: You occasionally lose the ability to read
                  | scrolls when taking damage. [potion of mutation]
 77568 | Tomb:2   | Gained mutation: Your skin changes colour to match your
                  | surroundings (Stealth+). [potion of mutation]
 78214 | Tomb:2   | Killed a royal mummy
 78915 | Tomb:1   | Noticed a royal mummy
 78916 | Tomb:1   | Noticed a royal mummy
 78926 | Tomb:1   | Killed a royal mummy
 78928 | Tomb:1   | Noticed a royal mummy
 78932 | Tomb:1   | Killed a royal mummy
 78933 | Tomb:1   | Noticed a royal mummy
 78937 | Tomb:1   | Killed a royal mummy
 79177 | Tomb:1   | Noticed a royal mummy
 79183 | Tomb:1   | Noticed a royal mummy
 79185 | Tomb:1   | Noticed a royal mummy
 79189 | Tomb:1   | Killed a royal mummy
 79199 | Tomb:1   | Killed a royal mummy
 79202 | Tomb:1   | Killed a royal mummy
 79203 | Tomb:1   | Reached skill level 27 in Dodging
 79210 | Tomb:1   | Killed a royal mummy
 79265 | Tomb:1   | Noticed a royal mummy
 79267 | Tomb:1   | Noticed a royal mummy
 79276 | Tomb:1   | Killed a royal mummy
 79280 | Tomb:1   | Killed a royal mummy
 79281 | Tomb:1   | HP: 19/399 [poisoned by an emperor scorpion]
 79285 | Tomb:1   | HP: 3/266 [poisoned by an emperor scorpion]
 79293 | Tomb:1   | Noticed a royal mummy
 79297 | Tomb:1   | Noticed a royal mummy
 79576 | Tomb:1   | Killed a royal mummy
 79784 | Tomb:1   | Noticed a royal mummy
 79806 | Tomb:1   | Killed a royal mummy
 79827 | Tomb:1   | Killed a royal mummy
 79856 | Tomb:1   | Noticed a royal mummy
 79867 | Tomb:1   | Killed a royal mummy
 79950 | Tomb:1   | Noticed a royal mummy
 79953 | Tomb:1   | Noticed a royal mummy
 79960 | Tomb:1   | Killed a royal mummy
 80258 | Tomb:1   | Noticed a royal mummy
 80263 | Tomb:1   | Killed a royal mummy
 80269 | Tomb:1   | Killed a royal mummy
 80381 | Tomb:3   | Entered Level 3 of the Tomb of the Ancients
 80536 | Tomb:3   | Noticed a royal mummy
 80545 | Tomb:3   | Killed a royal mummy
 80553 | Tomb:3   | Reached skill level 15 in Armour
 80588 | Tomb:3   | Noticed a royal mummy
 80739 | Tomb:3   | Noticed a royal mummy
 80739 | Tomb:3   | Noticed a royal mummy
 80747 | Tomb:3   | Killed a royal mummy
 80750 | Tomb:3   | Noticed a royal mummy
 80757 | Tomb:3   | Noticed a royal mummy
 80892 | Tomb:3   | Noticed a royal mummy
 80892 | Tomb:3   | Noticed a royal mummy
 81217 | Tomb:3   | Killed a royal mummy
 81277 | Tomb:3   | Killed a royal mummy
 81288 | Tomb:3   | Noticed a royal mummy
 81308 | Tomb:3   | Killed a royal mummy
 81328 | Tomb:2   | Reached XP level 27. HP: 40/273 MP: 27/27
 81979 | Tomb:3   | Got a golden rune of Zot
 82136 | Tomb:3   | Identified the ring "Ytesod" {rF+ rC- Int+7}
 82235 | Tomb:3   | Identified the +2 robe of Gozag's Benevolence {Regen+}
 82272 | Tomb:3   | Got the Guidebook on the Loathsome Lungs
 82283 | Tomb:3   | Identified the +6 great sword "Davyercha" {vorpal, Stlth+}
 82298 | Tomb:3   | Identified the +6 short sword of Doom {holy, rN+ rCorr
                  | Dex-3 SInv}
 82908 | Depths:4 | Bought 2 scrolls of teleportation for 108 gold pieces
 82908 | Depths:4 | Bought a potion of curing for 54 gold pieces
 82908 | Depths:4 | Bought a scroll of teleportation for 54 gold pieces
 83136 | Orc:2    | Bought a potion of curing for 39 gold pieces
 83197 | Elf:1    | Bought a potion of curing for 45 gold pieces
 83197 | Elf:1    | Bought 2 potions of ambrosia for 240 gold pieces
 83197 | Elf:1    | Bought a potion of curing for 45 gold pieces
 83197 | Elf:1    | Bought a potion of curing for 45 gold pieces
 83197 | Elf:1    | Bought a potion of curing for 45 gold pieces
 83439 | Shoals:1 | Bought a potion of cancellation for 216 gold pieces
 85411 | Zot:5    | Noticed a dread lich
 85417 | Zot:5    | Killed a dread lich
 85498 | Zot:5    | Noticed an orb of fire
 85505 | Zot:5    | Gained mutation: You occasionally lose the ability to read
                  | scrolls when taking damage. [an orb of fire]
 85507 | Zot:5    | Killed an orb of fire
 85511 | Zot:5    | Lost mutation: You occasionally lose the ability to read
                  | scrolls when taking damage. [potion of mutation]
 85511 | Zot:5    | Lost mutation: Your skin changes colour to match your
                  | surroundings (Stealth+). [potion of mutation]
 85511 | Zot:5    | Gained mutation: You possess an exceptional clarity of
                  | mind. [potion of mutation]
 85511 | Zot:5    | Gained mutation: You are strong-willed. (Will+) [potion of
                  | mutation]
 85511 | Zot:5    | Gained mutation: Your natural rate of healing is unusually
                  | fast. [potion of mutation]
 87333 | Zot:5    | Noticed an ancient lich
 87334 | Zot:5    | Noticed an orb of fire
 87342 | Zot:5    | Killed an orb of fire
 87345 | Zot:5    | Killed an ancient lich
 87346 | Zot:5    | Noticed an orb of fire
 87354 | Zot:5    | Killed an orb of fire
 87356 | Zot:5    | Noticed an orb of fire
 87364 | Zot:5    | Gained mutation: You are dopey. (Int -2) [an orb of fire]
 87374 | Zot:5    | Killed an orb of fire
 87609 | Zot:5    | Noticed a dread lich
 87617 | Zot:5    | Killed a dread lich
 87619 | Zot:5    | Identified the +3 leather armour of Noughts and Crosses
                  | {SInv}
 87931 | Hell     | Entered the Vestibule of Hell
 87931 | Hell     | Noticed Geryon
 87952 | Hell     | Killed Geryon
 88167 | Hell     | Found a gateway to the Iron City of Dis.
 88448 | Hell     | Found a gateway to the freezing wastes of Cocytus.
 88591 | Hell     | Found a gateway to the decaying netherworld of Tartarus.
 88663 | Hell     | Found a gateway to the ashen valley of Gehenna.
 88830 | Geh:1    | Entered Level 1 of Gehenna
 89289 | Geh:4    | You fall into a shaft and drop 2 floors!
 90177 | Geh:7    | Entered Level 7 of Gehenna
 92391 | Geh:7    | Found the +10 tower shield of Ignorance {rN+ Int-4}
 92721 | Geh:7    | Found the +7 sceptre of Asmodeus
 92721 | Geh:7    | Noticed Asmodeus
 92740 | Geh:7    | Killed from afar by a Brimstone Fiend

Illustrated notes

Levels and vault maps discovered:
D:1:      wheals_arrival_shading, layout_loops_ring, st_stairs_6
D:2:      layout_basic, serial_forest, infiniplex_forest_lined_corner,
          infiniplex_forest_lined_3_way, infiniplex_forest_clump_tiny,
          infiniplex_forest_straight_3, infiniplex_forest_clump_diagonal,
          uniq_terence
D:3:      kennysheep_goblin_castle, layout_loops_ring,
          mainiacjoe_overflow_six_doors_small, serial_glass, glass_columns_a,
          glass_columns_c, glass_columns_b, glass_columns_a,
          cheibrodos_sewer_entry_sluice, minmay_lizard_king, uniq_sigmund
D:4:      layout_basic, mainiacjoe_overflow_alcove_1, trog_hazing_becter,
          minmay_temple_entry_junction
D:5:      layout_loops_cross, serial_shops, shop
D:6:      layout_basic, zin_scriptorium, yredelemnul_altar_generic,
          serial_shops, nicolae_shop_bloodbath_and_beyond
D:7:      layout_rooms, enter_bailey_4, serial_co_window_serial,
          co_window_corner_a, co_window_paths_a, co_window_of_opportunity_a,
          co_window_paths_a, co_window_of_opportunity_a, co_window_broadway_b,
          co_window_of_opportunity_b, co_window_corner_b, co_window_corner_b,
          co_window_corner_ca, co_window_2corner, co_window_paths_e,
          glass_columns_c, glass_columns_a, minmay_misc_feat_ornament,
          feat_on_display
D:8:      layout_rooms, mainiacjoe_overflow_surrounded_room,
          nicolae_overflow_quartered_altars, enter_ossuary_3,
          serial_co_window_serial, co_window_paths_a, co_window_paths_b,
          co_window_corner_a, co_window_corner_a, co_window_corner_a,
          co_window_broadway_a, co_window_unsneaky_path_a, co_window_2corner,
          glass_columns_a, glass_columns_b, minivault_14, grunt_ministairs_11,
          uniq_grum
D:9:      kennysheep_big_flooded_room, layout_stronghold,
          nemelex_xobeh_ov_fountains_minmay, dpeg_lair_monsters,
          grunt_decor_arrowhead, uniq_joseph, uniq_maurice
D:10:     layout_roguey [special_room_orc], dk_xom_monty_hall, erik_orc_3,
          serial_shops, shop, chequers_serial_rivers_small_a,
          minmay_misc_feat_plants, uniq_snorg, uniq_erolcha
D:11:     layout_basic, serial_glass, glass_columns_a, glass_columns_b,
          slow_altar_2
D:12:     layout_gridville, ebering_ghost_inner_flame, grunt_tough_drop,
          uniq_lodul
D:13:     layout_cave_pools, grunt_ministairs_15, chequers_serial_rivers_micro_c
D:14:     layout_stronghold, erik_vaults_2, minmay_misc_feat_enclosed
D:15:     hangedman_depths_entry_try_elsewhere_first, layout_irregular_city,
          minmay_misc_feat_four_crosses, nicolae_shop_vocational
Lair:1:   layout_cellular_growth, uniq_gastronok, uniq_harold
Lair:2:   layout_cave_pods, elwin_shoals_entry_rocks
Lair:3:   nzn_winding_woodlands_large [nzn_winding_woodlands_5x5_open_star,
          nzn_winding_woodlands_5x15_pool, nzn_winding_woodlands_5x5_default,
          nzn_winding_woodlands_center_diamonds,
          nzn_winding_woodlands_15x15_five_gardens,
          nzn_winding_woodlands_center_triple_pond,
          nzn_winding_woodlands_5x5_closed_star,
          nzn_winding_woodlands_5x15_longhouse,
          nzn_winding_woodlands_5x5_default], layout_regular_city,
          nicolae_spider_entry_orb_guardian, gammafunk_ghost_hydra_chop,
          minivault_24, guppyfry_lair_drakes, uniq_fannar
Lair:4:   layout_loops_ring, minmay_slime_entry_pillars, grunt_megastairs_5,
          uniq_josephine, uniq_nessos
Lair:5:   evilmike_catoblepas_cave, layout_gridlike, serial_bayou_shore_a
Shoals:1: layout_shoals, serial_shops, nicolae_shop_hallway_plus,
          dpeg_stationary_puzzle, uniq_kirke
Shoals:2: layout_shoals, portal_ice_cave_entry_pillars_four
Shoals:3: layout_shoals, serial_shops, nicolae_take_the_stairs,
          nicolae_shop_clearance, uniq_polyphemus, uniq_nikola
Shoals:4: shoals_end_hellmonk_storm_palace [storm_palace_center_ruins,
          storm_palace_corner_narrow, storm_palace_corner_narrow,
          storm_palace_corner_pillars, storm_palace_corner_pillars]
Spider:1: layout_spider_delve, drop_trap
Spider:2: layout_cave_pods, hangedman_spider_tarantella_strand, uniq_aizul,
          uniq_roxanne, uniq_frances
Spider:3: layout_chambers, uniq_asterion
Spider:4: grunt_spider_rune_parallel, uniq_donald
Slime:1:  layout_caves
Slime:2:  layout_caves
Slime:3:  layout_caves
Slime:4:  layout_caves, nicolae_slime_round_cave
Slime:5
Orc:1:    layout_caves, basic_altar, uniq_erica, uniq_sonja
Orc:2:    st_orc_ogre_mass, layout_caves, uniq_jorgrun
Elf:1:    nicolae_elf_arrival_aired_out, layout_loops_cross, serial_shops,
          nicolae_shop_statue_plus, hangedman_elf_represent
Elf:2:    nicolae_elf_blades_crystal_corner, layout_loops_cross, serial_shops,
          shop, nicolae_shop_trees, minmay_shop_grove, uniq_agnes
Elf:3:    minmay_elf_hall_dome, layout_loops_corners, serial_shops,
          nicolae_shop_hallway_plus, uniq_mara
Vaults:1: ebering_ghost_disaster_area, vaults_dpeg_diagonal,
          nicolae_vaults_theta, v_alt_pattern_3, nicolae_vaults_specimen_jars,
          vaults_room_door_hall, ontoclasm_vaults_fault,
          vaults_standard_mumra_enter_the_diamond, vaults_room_door_ring,
          vaults_room_fancy_cross, nicolae_vaults_border_crossing,
          layout_vaults_ring, serial_shops, nicolae_square_shop
Vaults:2: nicolae_vaults_network_periphery, hangedman_vaults_locks,
          minmay_crypt_entry_simple_sparse, vaults_room_semicircle,
          hangedman_vaults_maws, ontoclasm_vaults_misaligned,
          vaults_mumra_minichess, nicolae_vaults_murderbox,
          nicolae_vaults_sealed_display, hangedman_vaults_trim,
          layout_vaults_quadrants, nicolae_trove_entry_free_sample,
          serial_shops, shop
Vaults:3: hangedman_vaults_hat, vaults_mumra_hexcomb,
          nicolae_vaults_little_squares_4, nicolae_vaults_big_angled_halls,
          hangedman_vaults_maws, vaults_room_ringed_pool,
          nicolae_vaults_network_barrier, v_pattern_1, nicolae_vaults_alarming,
          vaults_room_large_hall, nicolae_vaults_diagonal_hallway_7,
          layout_vaults_omnicross
Vaults:4: nicolae_vaults_little_squares_5, vaults_dpeg_encased_lava,
          hangedman_vaults_variations, vaults_room_grid,
          ontoclasm_vaults_ring_large, hangedman_vaults_nails, st_greater_box_3,
          v_pattern_3, hangedman_vaults_slither, vaults_mumra_chevron,
          nicolae_vaults_little_squares_4, ontoclasm_vaults_idyll,
          layout_vaults_omnibox, serial_shops, shop,
          nicolae_shop_hallway_stairs, uniq_jory
Vaults:5
Crypt:1:  layout_gridlike, grunt_crypt_arrival_split, uniq_saint_roka,
          uniq_zenata
Crypt:2:  layout_rooms, grunt_megastairs_3
Crypt:3:  church_of_pain_bobbens, layout_chaotic_city,
          nicolae_tomb_entry_rubble_hallway
Tomb:1
Tomb:2
Tomb:3
Depths:1: layout_long_grid, minmay_splitting_lines, hell_entry,
          grunt_ministairs_10, minmay_misc_feat_rows, roderic_serpentine_path,
          drop_trap, eino_small_chamber_without_monster, minivault_16,
          lemuel_zombie_altar_kikubaaqudgha
Depths:2: kennysheep_ogre_elephant_herders, layout_honeycomb, pan_entry,
          hell_entry, roderic_filled_cross, kennysheep_potato
Depths:3: grunt_bent_corner, layout_cave_pools, enter_ziggurat_a, hell_entry,
          hangedman_abyss_entry_splay, uniq_parghit
Depths:4: grunt_zot_entry_funnels, layout_basic, nicolae_titane,
          lightli_too_deep, minmay_shoptagon, uniq_sojobo
Hell
Geh:1:    layout_gehenna_lava_caves
Geh:2:    layout_gehenna_pools_box, nicolae_geh_fiery_graves
          [nicolae_geh_single_fiery_grave, nicolae_geh_single_fiery_grave,
          nicolae_geh_single_fiery_grave, nicolae_geh_single_fiery_grave,
          nicolae_geh_single_fiery_grave, nicolae_geh_single_fiery_grave,
          nicolae_geh_single_fiery_grave, nicolae_geh_single_fiery_grave,
          nicolae_geh_single_fiery_grave], nicolae_geh_fourpack
Geh:3:    layout_gehenna_pools_basic
Geh:4:    layout_gehenna_lava_caves
Geh:6:    nicolae_geh_realm_of_the_lava_sea
Geh:7:    geh_mu
Zot:1:    layout_onion
Zot:2:    layout_misc_corridors
Zot:3:    layout_cathedral_of_symmetry, grunt_ministairs_10
Zot:4:    gammafunk_sealed_arena, layout_basic, serial_nicolae_subway,
          nicolae_sub_station_stone, nicolae_sub_station_metal,
          nicolae_sub_station_crystal
Zot:5:    layout_basic, skrybe_zot_glass_2

Skill      XL: |  1  2  3  4  5  6  7  8  9 10 11 12 13 14 15 16 17 18 19 20 21 22 23 24 25 26 27 |
---------------+----------------------------------------------------------------------------------+-----
Fighting       | 2 3 4 5 8 9 10 12 13 14 15 16 17 19 20 21 22 23 25 26 27 | 27.0
Long Blades    | 3 4 5 6 8 11 12 13 15 16 18 19 21 22 23 24 25 26 27 | 27.0
Dodging        | 3 4 5 6 8 10 11 12 13 14 15 16 17 18 19 20 21 22 24 25 27 | 27.0
Armour         | 6 12 16 24 | 24.6
Throwing       | |  1.7

Action                   |  1- 3 |  4- 6 |  7- 9 | 10-12 | 13-15 | 16-18 | 19-21 | 22-24 | 25-27 || total
-------------------------+-------+-------+-------+-------+-------+-------+-------+-------+-------++-------
Melee: Long sword        |   135 |   236 |   314 |       |       |       |       |       |       ||   685
       Punch             |     2 |     1 |       |       |       |       |    17 |     2 |     5 ||    27
       Falchion          |       |       |       |   501 |       |       |       |       |       ||   501
       Triple sword      |       |       |       |   164 |  1061 |  1392 |  1034 |  1575 |   945 ||  6171
       Spear             |       |       |       |       |     3 |       |    16 |       |     1 ||    20
       Quick blade       |       |       |       |       |       |       |   691 |    33 |   125 ||   849
       Great sword       |       |       |       |       |       |       |       |       |  1287 ||  1287
Throw: Throwing net      |     5 |     4 |     2 |       |     1 |       |       |     3 |     1 ||    16
       Javelin           |     1 |     3 |     1 |     3 |     1 |       |       |       |       ||     9
       Boomerang         |       |       |    46 |    14 |    17 |     4 |       |       |       ||    81
       Dart              |       |       |       |       |       |       |     2 |       |    15 ||    17
Evoke: Wand              |       |       |     4 |       |     4 |     2 |     6 |     5 |    30 ||    51
       Lightning rod     |       |       |       |       |     4 |       |       |       |       ||     4
       Phantom mirror    |       |       |       |       |       |     1 |       |       |       ||     1
       Condenser vane    |       |       |       |       |       |       |     1 |       |       ||     1
  Use: Scroll            |       |     7 |     9 |    13 |    10 |     8 |     5 |     4 |    47 ||   103
       Potion            |       |     3 |     1 |     9 |    16 |    10 |    11 |     8 |    75 ||   133
 Stab: Sleeping          |     2 |     1 |     2 |    10 |    17 |    19 |     7 |    16 |     8 ||    82
       Held in net/web   |     1 |       |     1 |       |       |       |       |       |     1 ||     3
       Petrified         |       |       |       |     6 |     1 |       |       |       |       ||     7
       Petrifying        |       |       |       |     3 |       |       |       |       |       ||     3
       Invisible         |       |       |       |     2 |     8 |     1 |       |     2 |    39 ||    52
       Distracted        |       |       |       |     1 |       |     7 |     4 |     6 |    26 ||    44
       Paralysed         |       |       |       |       |     1 |       |     1 |       |     2 ||     4
       Fleeing           |       |       |       |       |     1 |       |       |       |       ||     1
       Confused          |       |       |       |       |       |       |     4 |       |       ||     4
Armor: Leather armour    |    10 |       |       |       |       |       |       |       |       ||    10
       Ring mail         |    51 |    37 |       |       |       |       |       |       |   122 ||   210
       Skin              |       |     8 |       |       |       |       |       |       |       ||     8
       Robe              |       |    35 |   141 |   131 |   276 |   166 |    87 |    10 |     1 ||   847
       Quicksilver drago |       |       |       |       |       |       |    69 |   206 |   183 ||   458
Dodge: Dodged            |   115 |   184 |   243 |   554 |  1717 |  2129 |  2002 |  2354 |  4521 || 13819
Block: Buckler           |       |    42 |   110 |   117 |       |       |       |       |       ||   269
       Reflection        |       |       |     5 |     9 |     3 |    23 |    14 |     1 |       ||    55
       Other             |       |       |       |       |   174 |   354 |   312 |    45 |       ||   885
